 Dungeon Crawl Stone Soup version 0.20-a0-16-g0876c8e (webtiles) character file.

2270 KristoblXynda the Cleaver (level 9, 0/74 HPs)
             Began as a Deep Dwarf Fighter on Nov 4, 2016.
             Was a Follower of Makhleb.
             Slain by an ogre
             ... wielding a +0 giant spiked club
              (8 damage)
             ... on level 6 of the Dungeon.
             The game lasted 00:13:59 (4902 turns).

KristoblXynda the Cleaver (Deep Dwarf Fighter)      Turns: 4902, Time: 00:13:59

Health: 0/74       AC: 11    Str: 26    XL:     9   Next: 16%
Magic:  9/9        EV:  8    Int:  9    God:    Makhleb [*.....]
Gold:   163        SH: 13    Dex: 14    Spells: 0 memorised, 8 levels left

rFire  . . .     SeeInvis .     a - +1 war axe
rCold  . . .     Gourm    .     b - +0 scale mail
rNeg   + . .     Faith    .     c - +1 shield
rPois  .         Spirit   .     (no helmet)
rElec  .         Reflect  .     h - +2 cloak
rCorr  .         Harm     .     (no gloves)
MR     +....                    (no boots)
Stlth  ..........               (no amulet)
                                y - +3 ring of strength
                                i - ring of positive energy

@: non-regenerating
A: damage resistance, recharge devices, agile 1, sense surroundings 2, slow
regeneration 3, MP-powered wands
a: Device Recharging, Renounce Religion


You were on level 6 of the Dungeon.
You worshipped Makhleb.
Makhleb was aware of your devotion.
You were not hungry.

You visited 1 branch of the dungeon, and saw 6 of its levels.
You also visited: Sewer.

You collected 228 gold pieces.
You spent 65 gold pieces at shops.

Inventory:

Hand Weapons
 a - a +1 war axe (weapon)
Armour
 b - a +0 scale mail (worn)
 c - a +1 shield (worn)
 h - a +2 cloak (worn)
Jewellery
 g - an uncursed ring of positive energy
 i - a ring of positive energy (left hand)
 y - a +3 ring of strength (right hand)
Wands
 e - a wand of heal wounds (0/9)
 r - a wand of iceblast (11/15)
 w - a wand of lightning (3/15)
 x - a wand of digging (13/24)
Scrolls
 k - 2 scrolls of teleportation
 m - 2 scrolls of remove curse
Potions
 d - a potion of flight
 j - a potion of cure mutation {unknown}
 n - a potion of mutation {unknown}
 o - a potion of curing
 p - 3 potions of haste
 s - a potion of beneficial mutation {unknown}
 t - 5 potions of heal wounds
Books
 l - a book of Callings

   Spells                             Type                      Level
   a - Summon Small Mammal            Summoning                    1
   b - Call Imp                       Summoning                    2
   c - Call Canine Familiar           Summoning                    3
   d - Summon Guardian Golem          Hexes/Summoning              3
   e - Summon Lightning Spire         Summoning/Air                4
   f - Summon Ice Beast               Ice/Summoning                4
Comestibles
 f - 2 bread rations
 u - 3 meat rations
 v - a beef jerky
 z - 3 chunks of flesh


   Skills:
 - Level 2.6 Fighting
 + Level 8.6 Axes
 + Level 8.0 Armour
 + Level 8.2 Shields


You had 8 spell levels left.
You didn't know any spells.

Dungeon Overview and Level Annotations

Branches:
Dungeon (6/15)             Temple (0/1) D:6

Altars:
Dithmenos
Elyvilon
Hepliaklqana
Makhleb
Sif Muna
Xom
Yredelemnul

Shops:
D:6 *


Innate Abilities, Weirdness & Mutations

You are resistant to damage.
You can recharge devices by infusing magical energy.
You passively map the area around you.
You do not regenerate.
You are agile. (Dex +2)
You expend magic power (3 MP) to strengthen your wands.


Message History

You enter the shallow water.
Moving in this stuff is going to be slow.
There is an entrance to Xyagruygywk's General Store here.
t - 5 potions of heal wounds (gained 1) Thank you for shopping at Xyagruygywk's General Store!
There's nothing to open nearby.
There's nothing to open nearby.
You enter the shallow water.
Moving in this stuff is going to be slow.
There's nothing to open nearby.
k - 2 scrolls of teleportation (gained 1)
You now have 163 gold pieces (gained 12).
An ogre comes into view. It is wielding a giant spiked club.
The ogre shouts!
An ogre is nearby!
Found a whip.
The ogre hits you with a giant spiked club!!
* * * LOW HITPOINT WARNING * * *
The ogre hits you with a giant spiked club!
You die...

,,,, * * .. , ,
... #. ,,,*
,....#. , * ,
,....#. , .# * *
#.....#####...# *
* , ,, ,,,
............... ,
#.....O@####### *
, ...)..........#
.
*#######.#####.##
*# #.# ..#########
#.######........##
#...............##
**
#####...#....≈≈≈##
, , ,
#.....#...≈≈≈≈≈# *
, *
#...#.....≈≈∩≈≈#


You could see an ogre.

Vanquished Creatures
  Grinder (Sewer)
  Sigmund (D:6)
  4 yaks (D:6)
  Duvessa (D:5)
  A sky beast (D:5)
  2 ice beasts
  2 big kobolds (Sewer)
  A bullfrog (D:6)
  Dowan (D:5)
  A howler monkey (D:4)
  A quasit (Sewer)
  A bullfrog zombie (D:6)
  2 orc wizards (D:5)
  2 hounds
  An iguana (D:4)
  A worker ant (D:4)
  6 big kobold zombies (Sewer)
  A hound zombie (D:6)
  A hound skeleton (D:6)
  4 gnolls
  2 river rats (D:4)
  13 adders
  4 shadow imps
  3 ufetubi (Sewer)
  2 oozes
  2 worms
  A dart slug (D:1)
  7 leopard geckos
  6 orcs
  8 bats
  7 giant cockroaches
  10 goblins
  6 hobgoblins
  19 kobolds
  3 quokkas
  A ball python (D:1)
  5 frilled lizards
  A giant cockroach zombie (Sewer)
  A jackal zombie (D:5)
  8 rats
144 creatures vanquished.

Vanquished Creatures (others)
  An ooze (Sewer)
1 creature vanquished.

Grand Total: 145 creatures vanquished

Notes
Turn   | Place    | Note
-------+----------+-------------------------------------------
     0 | D:1      | KristoblXynda the Deep Dwarf Fighter began the quest for the Orb.
     0 | D:1      | Reached XP level 1. HP: 20/20 MP: 1/1
   175 | D:1      | Reached XP level 2. HP: 25/27 MP: 2/2
   702 | D:1      | Reached XP level 3. HP: 25/33 MP: 3/3
  1222 | D:2      | Found a hazy altar of Hepliaklqana.
  1224 | D:2      | Found a shimmering altar of Xom.
  1225 | D:2      | Noticed a spectral ugly thing
  1363 | D:2      | Reached XP level 4. HP: 19/40 MP: 4/4
  2437 | D:3      | Reached XP level 5. HP: 30/46 MP: 5/5
  2647 | D:4      | Found a glowing drain.
  2654 | Sewer    | Entered a sewer
  2749 | Sewer    | Reached skill level 5 in Shields
  2799 | Sewer    | Reached XP level 6. HP: 37/55 MP: 6/6
  2818 | Sewer    | Found a burning altar of Makhleb.
  2828 | Sewer    | Reached skill level 5 in Armour
  2833 | Sewer    | Became a worshipper of Makhleb the Destroyer
  2848 | Sewer    | Reached skill level 5 in Axes
  2875 | Sewer    | Noticed Grinder
  2892 | Sewer    | Paralysed by Grinder for 6 turns
  2902 | Sewer    | Killed Grinder
  2902 | Sewer    | Reached XP level 7. HP: 34/61 MP: 7/7
  3355 | D:4      | You fall through a shaft!
  3355 | D:5      | Entered Level 5 of the Dungeon
  3355 | D:5      | Noticed Duvessa
  3355 | D:5      | Noticed Dowan
  3551 | D:5      | Found a white marble altar of Elyvilon.
  3693 | D:5      | Reached * piety under Makhleb
  3772 | D:4      | Found a shadowy altar of Dithmenos.
  3886 | D:4      | Found a deep blue altar of Sif Muna.
  4025 | D:5      | Found a basalt altar of Yredelemnul.
  4075 | D:5      | Killed Dowan
  4075 | D:5      | Reached XP level 8. HP: 28/68 MP: 8/8
  4109 | D:5      | Killed Duvessa
  4146 | D:5      | Gained mutation: You are agile. (Dex +2) [mutagenic meat]
  4148 | D:5      | Gained mutation: You expend magic power (3 MP) to strengthen your wands. [mutagenic meat]
  4348 | D:5      | Found a burning altar of Makhleb.
  4718 | D:6      | Found a staircase to the Ecumenical Temple.
  4718 | D:6      | Noticed Sigmund
  4737 | D:6      | Killed Sigmund
  4808 | D:6      | Found Xyagruygywk's General Store.
  4852 | D:6      | Gained mutation: You passively map the area around you. [Deep Dwarf growth]
  4852 | D:6      | Reached XP level 9. HP: 65/74 MP: 9/9
  4882 | D:6      | Bought a potion of heal wounds for 65 gold pieces
  4902 | D:6      | Slain by an ogre

Vault maps used:
D:1:      dpeg_arrival_snail
D:2:      regret_index_temple_of_mockery
D:3:      glass_columns_a
D:4:      kennysheep_mini, led_sif_pool, gup_sewer_entry_bubbles, first_bread
D:5:      kennysheep_ying_yang, makhleb_grotto_becter, uniq_duvessa
D:6:      vehumet_statue, serial_shops, shop, nicolae_shop_waterfront,
          nicolae_shop_statue_plus, uniq_sigmund
Sewer:    kennysheep_sewer_church

Skill      XL: |  1  2  3  4  5  6  7  8  9 |
---------------+----------------------------+-----
Shields        | 4 5 6 7 8 |  8.2
Armour         | 4 5 6 7 8 |  8.0
Axes           | 3 4 5 7 8 |  8.6
Fighting       | |  2.6

Action                   |  1- 3 |  4- 6 |  7- 9 || total
-------------------------+-------+-------+-------++-------
Melee: War axe           |   118 |   204 |   268 ||   590
       Morningstar       |       |    58 |       ||    58
Evoke: Wand              |       |     2 |     3 ||     5
  Use: Scroll            |       |     9 |     7 ||    16
       Potion            |       |     2 |     6 ||     8
  Eat: Chunk             |     1 |     6 |     6 ||    13
       Bread ration      |       |       |     1 ||     1
Armor: Scale mail        |    59 |   135 |   102 ||   296
Dodge: Dodged            |    40 |    82 |    64 ||   186
Block: Shield            |    73 |   161 |   135 ||   369
